Cogmind - Beta 14 @@@ ROGUE MODE // 2024.09.08 @ 17:44:19 Player: Minty Result: Destroyed by Y-54 Guardian with Gatling Laser Performance ------------- Evolutions (3) 1500 Regions Visited (10) 2000 Robots Destroyed (86) 430 Value Destroyed (3987) 3987 Prototype IDs (35) 700 Alien Tech Used (0) 0 Bonus (1718) 1718 TOTAL SCORE: 10335 Bonus ------- High Alert Combat Kills 362 Follower Combat Kills 747 Entered Garrisons 400 Aligned with FarCom 300 Friendly Fire -91 Cogmind --------- Core Integrity 0/700 Matter 207/300 Energy 93/100 System Corruption 2% Temperature Cool (21) Movement Flying (35) Location -7/Garrison Parts ------- > --- POWER (1) -------- (None) > --- PROPULSION (5) --- Improved Cesium-ion Thruster > --- UTILITY (5) ------ Core Analyzer > --- WEAPON (2) ------- Impact Mace > --- INVENTORY (5) ---- Improved Deuterium Engine Field Laser Improved EM Pulse Cannon Flak Gun Plasma Flamer Peak State ------------ > --- POWER ------------ Cooled Deuterium Engine > --- PROPULSION ------- Improved Flight Unit Xenon Bombardment Thruster Improved Cesium-ion Thruster Improved Cesium-ion Thruster > --- UTILITY ---------- Improved Heat Sink Lightpack 2.0 Improved Salvage Targeting Computer > --- WEAPON ----------- Flak Gun Impact Mace > --- INVENTORY -------- Heavy Ion Engine Light Nuclear Core Improved Deuterium Engine Heavy Deuterium Engine Micro Nuclear Core VSS Leg VSS Leg Advanced VSS Leg Improved Flight Unit Coolant Injector Medium Storage Unit Improved Sensor Array Core Analyzer Armor Integrity Analyzer Matter Filter Particle Charger Weapon Shielding Corruption Screen Recalibrator Particle Gun Field Laser Heavy Particle Gun Improved EM Pulse Cannon Improved EM Pulse Cannon Improved EM Pulse Cannon AWS/Gauss Mini Assault Cannon Remote Datajack Improved Remote Datajack Plasma Flamer Great Maul Powered Hammer Impact Mace [Rating: 81] Favorites ----------- Power Light Nuclear Core Engine Light Ion Engine Power Core Light Nuclear Core Propulsion VTOL Module Treads Light Treads Leg Aluminum Leg Wheel Wheel Flight Unit VTOL Module Utility Transmission Jammer Device Transmission Jammer Storage Medium Storage Unit Processor Targeting Computer Protection Improved Weapon Shielding Weapon Mini Grenade Launcher Energy Gun Particle Gun Energy Cannon Improved EM Pulse Cannon Ballistic Gun Assault Rifle Ballistic Cannon Mini Assault Cannon Launcher Mini Grenade Launcher Special Weapon Plasma Flamer Impact Weapon Great Maul Build | -11 -10 -10 -10 -9 -8 -7 -7 -7 -7 -7 ------- Run | Yrd Mat Min Exi Min Mat Fac Gar Fac Sto Gar Slots Evolved 6 | . . . . . 4 2 . . . . Power . | . . . . . . . . . . . Propulsion 3 | . . . . . 2 1 . . . . Utility 3 | . . . . . 2 1 . . . . Weapon . | . . . . . . . . . . . Parts Attached 136 | . 10 6 2 2 14 17 37 8 27 13 Power 18 | . 1 1 . 1 1 1 3 1 5 4 Engine 12 | . 1 1 . 1 . . 1 1 5 2 Core 6 | . . . . . 1 1 2 . . 2 Reactor . | . . . . . . . . . . . Propulsion 41 | . 3 1 2 . 2 6 14 1 10 2 Treads 3 | . . . . . . . 3 . . . Leg 13 | . . . . . . . 9 1 3 . Wheel 4 | . 3 1 . . . . . . . . Hover . | . . . . . . . . . . . Flight 21 | . . . 2 . 2 6 2 . 7 2 Utility 40 | . 2 . . 1 8 7 8 6 5 3 Device 17 | . . . . 1 2 3 2 5 3 1 Storage 10 | . 1 . . . 3 3 2 . 1 . Processor 7 | . 1 . . . 1 . 2 1 . 2 Hackware . | . . . . . . . . . . . Protection 6 | . . . . . 2 1 2 . 1 . Artifact . | . . . . . . . . . . . Weapon 37 | . 4 4 . . 3 3 12 . 7 4 Energy Gun 14 | . 3 . . . 2 . 6 . 3 . Energy Cannon 2 | . . . . . . . . . . 2 Ballistic Gun 5 | . 1 . . . . 1 2 . . 1 Ballistic Cannon 1 | . . . . . . . . . 1 . Launcher 4 | . . 3 . . 1 . . . . . Special Weapon 6 | . . 1 . . . 2 3 . . . Impact Weapon 5 | . . . . . . . 1 . 3 1 Slashing Weapon . | . . . . . . . . . . . Piercing Weapon . | . . . . . . . . . . . Special Melee Weapon . | . . . . . . . . . . . Unidentified Prototypes 8 | . . . . . . . . . 8 . Parts Lost 34 | . 1 4 . . 1 2 16 . 2 8 Power 5 | . . 1 . . . . 3 . . 1 Propulsion 21 | . 1 3 . . 1 2 8 . 1 5 Utility 4 | . . . . . . . 2 . 1 1 Weapon 4 | . . . . . . . 3 . . 1 Highest Loss Streak 7 | . 1 3 . . 1 1 4 . 2 7 To Critical Strikes . | . . . . . . . . . . . Average Slot Usage (%) 74 | . 98 81 72 88 81 76 64 81 72 59 Engine 4 | . 14 9 . 3 . . 1 3 7 4 Core 2 | . . . . . 8 7 5 3 . . Treads 1 | . . . . . . . 4 . . . Leg 8 | . 4 . . . . . 14 38 18 . Wheel 4 | . 22 15 . . . . . . . . Flight 9 | . . . 15 28 29 19 9 . 11 27 Device 6 | . . . . 3 13 15 8 10 12 4 Storage 9 | . 14 14 14 14 9 7 7 7 7 6 Processor 7 | . 13 14 14 10 4 7 2 1 1 5 Energy Gun 5 | . 16 1 . . 6 10 6 7 9 . Launcher 8 | . . 25 28 28 6 . . . . . Peak Build Rating 81 | . 10 13 16 18 57 43 63 62 79 81 Average Rating 35 | . 8 9 12 16 29 33 50 59 68 71 On Entrance 29 | 6 6 10 8 16 17 33 43 55 62 73 Naked Turns . | . . . . . . . . . . . Heaviest Build 31 | 13 21 19 12 17 25 28 25 31 31 24 Greatest Support 61 | 20 20 20 8 14 22 26 55 55 61 24 Greatest Overweight (x) 5 | . 1 3 3 2 1 2 5 . . . Average Overweight (x) . | . . . 1 . . . . . . . Largest Inventory Capacity 40 | . 10 10 10 10 40 15 40 40 40 40 Average Capacity 24 | . 9 10 10 10 12 10 38 40 40 39 Most Carried 35 | . 10 10 10 10 10 10 14 18 34 35 Average Carried 11 | . 9 9 9 10 9 9 9 14 24 32 Final Capacity 40 | 8 10 10 10 10 10 10 40 40 40 5 Final Carried 34 | 6 10 10 10 10 10 10 12 18 34 5 Class Distribution -------------------- 43% | Mutant 42% | Hauler-Mutant 5% | Hauler-Sprinter 3% | Scavenger-Sprinter 3% | Sprinter Dominant Class ---------------- Mutant | -10/Materials Mutant | -10/Mines Mutant | -10/Exiles Mutant | -9/Mines Sprinter | -8/Materials Mutant | -7/Factory Hauler-Mutant | -7/Garrison Hauler-Mutant | -7/Factory Hauler-Mutant | -7/Storage Hauler-Mutant | -7/Garrison Resources | -11 -10 -10 -10 -9 -8 -7 -7 -7 -7 -7 ----------- Run | Yrd Mat Min Exi Min Mat Fac Gar Fac Sto Gar Matter Collected 1985 | 200 205 268 . 80 231 163 470 108 260 . Remotely . | . . . . . . . . . . . Salvage Created 2557 | . 463 566 . 97 296 82 710 27 304 12 Parts 142 | . 27 36 . 11 14 6 33 . 12 3 Haulers Intercepted 4 | . . . . . 1 . . . 3 . Recyclers Shooed 3 | . 1 1 . . 1 . . . . . Parts Field Recycled . | . . . . . . . . . . . Retrieved Matter . | . . . . . . . . . . . Parts Self-Destructed . | . . . . . . . . . . . Prevented . | . . . . . . . . . . . Kills | -11 -10 -10 -10 -9 -8 -7 -7 -7 -7 -7 ------- Run | Yrd Mat Min Exi Min Mat Fac Gar Fac Sto Gar Combat Hostiles Destroyed 59 | . 7 17 . 3 6 4 17 . 3 2 Melee 1 | . . . . . . . . . . 1 Guns 30 | . 6 3 . . . 3 15 . 3 . Cannons 1 | . . 1 . . . . . . . . AOE 23 | . 1 13 . 3 6 . . . . . Classes Destroyed 17 | . 6 3 . 2 2 1 . . 1 2 Worker 7 | . . 1 . 1 4 . . 1 . . Builder 2 | . 1 . . . . . . . 1 . Tunneler 5 | . 1 4 . . . . . . . . Hauler 4 | . . . . . 1 . . . 3 . Recycler 5 | . 1 3 . . 1 . . . . . Operator 2 | . 1 . . . 1 . . . . . Watcher 1 | . 1 . . . . . . . . . Swarmer 12 | . . 6 . . . 3 3 . . . Cutter 1 | . . . . . . . . . . 1 Grunt 34 | . 7 10 . 2 2 . 11 . 2 . Brawler 1 | . . . . . 1 . . . . . Duelist 1 | . . . . 1 . . . . . . Sentry 4 | . . 1 . . 3 . . . . . Demolisher 1 | . . . . . . . . . . 1 Hunter 1 | . . . . . . . . . 1 . Programmer 4 | . . . . . . 1 3 . . . Zionite 1 | . . . . 1 . . . . . . Best Kill Streak 6 | . 4 6 . 3 6 3 3 1 3 1 Combat Bots Only 4 | . 3 4 . 3 3 3 3 . 1 1 Max Kills in Single Turn 4 | . 1 3 . 4 3 1 1 1 1 1 Gunslinging . | . . . . . . . . . . . Exploded 3 | . 1 3 . 3 2 . . . . . Melee 1 | . . . . . . . . . . 1 Uniques/NPCs Destroyed . | . . . . . . . . . . . Combat | -11 -10 -10 -10 -9 -8 -7 -7 -7 -7 -7 -------- Run | Yrd Mat Min Exi Min Mat Fac Gar Fac Sto Gar Hostile Shots Fired 457 | . 22 28 . 4 33 21 139 8 66 136 Missed 170 | . 5 8 . . 15 7 46 2 31 56 Damage Taken 4541 | . 229 327 . 44 309 206 1517 182 533 1194 Core 1033 | . 82 103 . 23 119 30 229 16 56 375 Absorbed by Shields 98 | . . . . . . . 14 . . 84 Redirected to Shielding 100 | . . . . . . 62 38 . . . Regen/Repaired (Parts) 81 | . . . . . 46 35 . . . . Core Remaining (%) 64 | 100 . . . 16 78 . . . . . Volleys Fired 267 | . 32 31 . 2 31 7 117 4 40 3 Largest 2 | . 2 2 . 2 2 2 2 1 2 2 Hottest 165 | . 90 100 . 60 110 110 165 65 128 138 Shots Fired 391 | . 64 40 . 4 41 13 153 4 68 4 Gun 320 | . 64 8 . . 22 8 146 4 68 . Cannon 4 | . . . . . . . . . . 4 Launcher 46 | . . 23 . 4 19 . . . . . Special 21 | . . 9 . . . 5 7 . . . Kinetic 72 | . 40 . . . . 4 28 . . . Thermal 172 | . . 9 . . . 4 87 4 68 . Explosive 46 | . . 23 . 4 19 . . . . . Electromagnetic 100 | . 24 8 . . 22 4 38 . . 4 Robot Hit Streak 18 | . 7 15 . 3 7 10 18 6 6 2 Robot Miss Streak 5 | . 5 2 . . 2 . 3 1 3 1 Penetration Max . | . . . . . . . . . . . Secondary Targets . | . . . . . . . . . . . Autonomous 32 | . . . . . . 4 28 . . . Shots Hit Robots 242 | . 36 21 . 3 26 9 89 4 41 13 Core Hits 145 | . 22 35 . 7 25 4 38 1 9 4 Critical Kills . | . . . . . . . . . . . Critical Parts Destroyed 4 | . . . . . . . 3 . . 1 Critical Strikes 18 | . . 3 . . . 2 8 . 3 2 Burn 13 | . . 3 . . . 2 5 . 3 . Destroy 3 | . . . . . . . 3 . . . Smash 2 | . . . . . . . . . . 2 Melee Attacks 27 | . . . . . . . 1 2 6 18 Impact 27 | . . . . . . . 1 2 6 18 Slashing . | . . . . . . . . . . . Piercing . | . . . . . . . . . . . Sneak Attacks 1 | . . . . . . . . 1 . . Combat Hostiles . | . . . . . . . . . . . Follow-up Attacks . | . . . . . . . . . . . Damage Inflicted 6591 | . 635 1195 . 311 1146 198 1645 116 784 561 Guns 3029 | . 467 64 . . 160 133 1491 50 664 . Cannons 87 | . . . . . . . . . . 87 Explosions 2560 | . 168 1014 . 311 986 . 81 . . . Melee 629 | . . . . . . . . 66 111 452 Ramming 43 | . . . . . . . 12 . 9 22 Kinetic 955 | . 210 . . . . 133 612 . . . Thermal 1844 | . 168 117 . . . 65 780 50 664 . Explosive 2311 | . . 1014 . 311 986 . . . . . Electromagnetic 809 | . 257 64 . . 160 . 241 . . 87 Impact 629 | . . . . . . . . 66 111 452 Slashing . | . . . . . . . . . . . Piercing . | . . . . . . . . . . . Highest Corruption 4 | . . . . . . 2 4 4 1 2 Average Corruption 3 | . . . . . . 1 3 3 1 1 Corruption Purged 4 | . . . . . . . . 4 . . Corruption Blocked . | . . . . . . . . . . . Effects 39 | . . . . . . 1 31 5 . 2 Message Errors 8 | . . . . . . . 6 2 . . Matter Fused 13 | . . . . . . . 9 3 . 1 Heat Flow Errors 6 | . . . . . . . 5 . . 1 Energy Discharges 1 | . . . . . . 1 . . . . Data Loss (minor) 5 | . . . . . . . 5 . . . Data Loss (major) 3 | . . . . . . . 3 . . . Alerts 2 | . . . . . . . 2 . . . Weapon Failures 1 | . . . . . . . 1 . . . Overload Shots . | . . . . . . . . . . . Overflow Damage 148 | . . 7 . 3 9 . . 26 30 73 Projectiles . | . . . . . . . . . . . Explosions 19 | . . 7 . 3 9 . . . . . Melee 129 | . . . . . . . . 26 30 73 Knockbacks 5 | . . . . . . . . 1 . 4 Impact 5 | . . . . . . . . 1 . 4 Kinetic . | . . . . . . . . . . . Secondary . | . . . . . . . . . . . Self-Inflicted Damage 214 | . . 106 . . 37 . 45 . 4 22 Shots 5 | . . 3 . . 1 . 1 . . . Rammed 3 | . . 1 . . . . . . 1 1 Targets Rammed 3 | . . 1 . . . . . . 1 1 Kicked . | . . . . . . . . . . . Crushed . | . . . . . . . . . . . Highest Temperature 324 | . 136 200 . 3 237 125 275 41 324 204 Average Temperature 75 | . 40 68 . 3 98 37 76 22 96 62 Received Heat Transfer 1341 | . 129 93 . 24 180 . 552 54 108 201 Effects 3 | . . . . . . . . . 3 . Energy Bleed 2 | . . . . . . . . . 2 . Short Circuit 1 | . . . . . . . . . 1 . Siege Activations . | . . . . . . . . . . . Robots Corrupted 3 | . . . . . . . 1 1 . 1 Combat Hostiles 2 | . . . . . . . 1 . . 1 Parts Fried 3 | . 1 . . . . . 2 . . . Impact Corruptions 5 | . . . . . . . . 2 1 2 Robots Melted 4 | . . 2 . . . 1 1 . . . Combat Hostiles 2 | . . . . . . 1 1 . . . Parts Melted 12 | . . 5 . . . . 3 . 4 . Heat Transferred 6196 | . 150 1200 . . . 640 2356 111 1739 . Parts Sabotaged . | . . . . . . . . . . . Parts Stolen . | . . . . . . . . . . . Parts Stripped . | . . . . . . . . . . . Power Chain Reactions 5 | . 4 . . . . . 1 . . . Alert | -11 -10 -10 -10 -9 -8 -7 -7 -7 -7 -7 ------- Run | Yrd Mat Min Exi Min Mat Fac Gar Fac Sto Gar Peak Influence 1246 | . 240 453 . 123 364 291 1246 819 993 762 Initial 653 | . . 15 . . 47 139 203 653 372 512 Average 542 | . 112 304 . 70 244 167 830 696 738 629 Maximum Alert Level 4 | . 1 2 . . 1 1 4 3 3 3 Low Security (%) 19 | . 68 20 . 100 25 81 . . . . Level 1 26 | . 31 50 . . 74 18 18 . 10 . Level 2 19 | . . 29 . . . . 14 55 27 75 Level 3 22 | . . . . . . . 34 44 62 24 Level 4 12 | . . . . . . . 32 . . . Level 5 . | . . . . . . . . . . . High Security . | . . . . . . . . . . . Max Security . | . . . . . . . . . . . Squads Dispatched 9 | . 1 . . . 3 . . 2 3 . Investigation 4 | . 1 . . . 2 . . 1 . . Extermination 1 | . . . . . . . . 1 . . Reinforcement 3 | . . . . . 1 . . . 2 . Assault 1 | . . . . . . . . . 1 . Garrison . | . . . . . . . . . . . Intercept . | . . . . . . . . . . . Searches Triggered . | . . . . . . . . . . . Construction Impeded 1 | . . . . . 1 . . . . . Haulers Reinforced 1 | . . . . . . . . . 1 . Active Scanning Responses . | . . . . . . . . . . . Cargo Convoy Interrupts . | . . . . . . . . . . . Stealth | -11 -10 -10 -10 -9 -8 -7 -7 -7 -7 -7 --------- Run | Yrd Mat Min Exi Min Mat Fac Gar Fac Sto Gar Distress Signals 2 | . . 1 . . . . . . 1 . Communications Jammed 20 | . . . . . . . . . 20 . Distress Signals 20 | . . . . . . . . . 20 . Times Spotted 111 | . 9 15 . 3 9 5 32 5 19 14 Peak Tracking Total 9 | . 3 3 . 3 4 2 5 3 5 9 Tactical Retreats 8 | . . 1 . . 1 . 3 . . 3 Traps | -11 -10 -10 -10 -9 -8 -7 -7 -7 -7 -7 ------- Run | Yrd Mat Min Exi Min Mat Fac Gar Fac Sto Gar Traps Triggered 12 | . 1 . . . . . 8 1 1 1 Indirectly . | . . . . . . . . . . . Trap Hack Attempts . | . . . . . . . . . . . Triggered . | . . . . . . . . . . . Disarmed . | . . . . . . . . . . . Reprogrammed . | . . . . . . . . . . . Reused . | . . . . . . . . . . . Traps Extracted . | . . . . . . . . . . . Installed . | . . . . . . . . . . . Triggered . | . . . . . . . . . . . Machines | -11 -10 -10 -10 -9 -8 -7 -7 -7 -7 -7 ---------- Run | Yrd Mat Min Exi Min Mat Fac Gar Fac Sto Gar Machines Disabled 24 | . 1 2 . 1 4 . 9 . 5 2 Max in Single Turn 2 | . 1 1 . 1 1 . 2 . 1 1 Garrison Relay 7 | . . . . . . . 5 . . 2 Phase Generator 1 | . . . . . . . 1 . . . Machines Repaired . | . . . . . . . . . . . Machines Dismantled . | . . . . . . . . . . . Machines Sabotaged . | . . . . . . . . . . . Overloaded Fab Kills . | . . . . . . . . . . . Hacking | -11 -10 -10 -10 -9 -8 -7 -7 -7 -7 -7 --------- Run | Yrd Mat Min Exi Min Mat Fac Gar Fac Sto Gar Machines Accessed 19 | . 5 . 2 . 5 2 2 1 2 . Terminals 10 | . 4 . . . 3 . 2 1 . . Fabricators . | . . . . . . . . . . . Repair Stations 3 | . . . . . 1 1 . . 1 . Recycling Units 2 | . 1 . . . 1 . . . . . Scanalyzers . | . . . . . . . . . . . Garrison Access 2 | . . . . . . 1 . . 1 . Total Hacks 65 | . 20 . 2 . 23 9 4 4 3 . Successful 37 | . 10 . 2 . 16 5 2 1 1 . Failed 27 | . 9 . . . 7 4 2 3 2 . Catastrophic 2 | . . . . . 1 . 1 . . . Database Lockouts 1 | . 1 . . . . . . . . . Manual 24 | . 13 . 1 . 7 . 2 1 . . Terminals 38 | . 15 . . . 15 . 4 4 . . Fabricators . | . . . . . . . . . . . Repair Stations 14 | . . . . . 5 7 . . 2 . Recycling Units 8 | . 5 . . . 3 . . . . . Scanalyzers . | . . . . . . . . . . . Garrison Access 3 | . . . . . . 2 . . 1 . Terminal Hacks 16 | . 4 . 2 . 8 . 1 1 . . Record 1 | . . . 1 . . . . . . . Robot Analysis 1 | . 1 . . . . . . . . . Prototype ID Bank 2 | . 1 . . . 1 . . . . . Open Door 1 | . . . . . . . 1 . . . Level Access Points 1 | . . . . . . . . 1 . . Branch Access Points 1 | . . . . . 1 . . . . . Emergency Access Points 1 | . . . . . 1 . . . . . Alert Level 1 | . . . . . 1 . . . . . Unreport Threat 1 | . . . . . 1 . . . . . Locate Traps 1 | . . . . . 1 . . . . . Transport Status 2 | . 1 . . . 1 . . . . . Hauler Manifests 2 | . 1 . . . 1 . . . . . Derelict Proto ID Bank 1 | . . . 1 . . . . . . . Fabricator Hacks . | . . . . . . . . . . . Repair Station Hacks 6 | . . . . . 2 4 . . . . Scan Component 3 | . . . . . 1 2 . . . . Repair 3 | . . . . . 1 2 . . . . Recycling Unit Hacks 6 | . 3 . . . 3 . . . . . Process 2 | . 1 . . . 1 . . . . . Report Inventory 2 | . 1 . . . 1 . . . . . Retrieve Matter 1 | . 1 . . . . . . . . . Retrieve Components 1 | . . . . . 1 . . . . . Scanalyzer . | . . . . . . . . . . . Garrison Access Hacks 2 | . . . . . . 1 . . 1 . Unlock Access 2 | . . . . . . 1 . . 1 . Unauthorized Hacks 7 | . 3 . . . 3 . 1 . . . Terminals 7 | . 3 . . . 3 . 1 . . . Track 1 | . . . . . . . 1 . . . Botnet 5 | . 3 . . . 2 . . . . . Sabotage 1 | . . . . . 1 . . . . . Fabricators . | . . . . . . . . . . . Repair Stations . | . . . . . . . . . . . Recycling Units . | . . . . . . . . . . . Scanalyzers . | . . . . . . . . . . . Garrison Access . | . . . . . . . . . . . Data Cores Recovered 2 | . 1 . . . . . . . 1 . Used 1 | . 1 . . . . . . . . . Hacking Detections 14 | . 4 . . . 5 2 1 1 1 . Full Trace Events 6 | . 4 . . . 1 . . 1 . . Feedback Events . | . . . . . . . . . . . Feedback Blocked . | . . . . . . . . . . . Robot Schematics Acquired . | . . . . . . . . . . . Robots Built . | . . . . . . . . . . . Authchips . | . . . . . . . . . . . Time . | . . . . . . . . . . . Total Robot Build Rating . | . . . . . . . . . . . Part Schematics Acquired . | . . . . . . . . . . . Parts Built . | . . . . . . . . . . . Authchips . | . . . . . . . . . . . Time . | . . . . . . . . . . . Total Part Build Rating . | . . . . . . . . . . . Parts Repaired 3 | . . . . . 1 2 . . . . Time 80 | . . . . . 16 64 . . . . Parts Recycled . | . . . . . . . . . . . Recycled Matter 106 | . 71 . . . 35 . . . . . Retrieved Matter 71 | . 71 . . . . . . . . . Retrieved Components . | . . . . . . . . . . . Parts Scanalyzed . | . . . . . . . . . . . Part Schematics Acquired . | . . . . . . . . . . . Parts Damaged . | . . . . . . . . . . . Bothacking | -11 -10 -10 -10 -9 -8 -7 -7 -7 -7 -7 ------------ Run | Yrd Mat Min Exi Min Mat Fac Gar Fac Sto Gar Used RIF Installer . | . . . . . . . . . . . Robots Hacked 1 | . . . . . . 1 . . . . Non-combat 1 | . . . . . . 1 . . . . Combat . | . . . . . . . . . . . Robot Hacks Applied 1 | . . . . . . 1 . . . . parse_system 1 | . . . . . . 1 . . . . Relay Couplers Released 29 | . . . . . . . 22 . . 7 Machine Destruction 25 | . . . . . . . 18 . . 7 Programmers 4 | . . . . . . . 4 . . . Fabnet Peak Effective % . | . . . . . . . . . . . Robots Rewired 1 | . . . . . . . 1 . . . Allies Hacked 1 | . . . . . . . 1 . . . Hacks Repelled . | . . . . . . . . . . . Allies | -11 -10 -10 -10 -9 -8 -7 -7 -7 -7 -7 -------- Run | Yrd Mat Min Exi Min Mat Fac Gar Fac Sto Gar Total Allies 6 | . . 1 . . . . 5 . . . Largest Group 2 | . . 1 1 . . . 2 2 2 . Highest-Rated Group 190 | . . 16 16 . . . 190 190 190 . Highest-Rated Ally 95 | . . 16 16 . . . 95 95 95 . Total Orders 2 | . . . . . . . 2 . . . STAY 1 | . . . . . . . 1 . . . FOLLOW 1 | . . . . . . . 1 . . . Ally Attacks 88 | . . . . . . . 37 15 36 . Total Damage 3070 | . . . . . . . 634 771 1665 . Kills 30 | . . . . . . . 6 5 19 . Allies Corrupted . | . . . . . . . . . . . Allies Melted . | . . . . . . . . . . . Intel | -11 -10 -10 -10 -9 -8 -7 -7 -7 -7 -7 ------- Run | Yrd Mat Min Exi Min Mat Fac Gar Fac Sto Gar Robot Analysis Total 1 | . 1 . . . . . . . . . Derelict Logs Recovered 1 | . . . . 1 . . . . . . Drone Launches . | . . . . . . . . . . . Drone Recoveries . | . . . . . . . . . . . Exploration | -11 -10 -10 -10 -9 -8 -7 -7 -7 -7 -7 ------------- Run | Yrd Mat Min Exi Min Mat Fac Gar Fac Sto Gar Turns Passed 5130 | . 444 930 523 115 262 262 1769 268 406 151 Spaces Moved 3633 | 1 373 604 242 132 333 187 1121 192 293 155 Core 276 | . . 160 115 . . . 1 . . . Treads 238 | . . . . . . . 238 . . . Legs 863 | 1 33 . . . . . 510 192 127 . Wheels 784 | . 340 444 . . . . . . . . Hover . | . . . . . . . . . . . Flight 1472 | . . . 127 132 333 187 372 . 166 155 Fastest Speed 23 | 120 80 80 112 32 26 23 23 120 25 24 Average Speed 94 | 120 84 112 153 78 41 77 108 120 57 27 Slowest Speed 300 | 120 120 200 200 192 109 195 300 120 120 35 Overloaded Moves . | . . . . . . . . . . . Propulsion Burnouts . | . . . . . . . . . . . Robots Hopped 5 | . . . . 2 1 . 2 . . . Cave-ins Triggered . | . . . . . . . . . . . Exploration Rate (%) 40 | 2 57 97 61 40 35 4 79 5 36 28 Regions Visited 10 Branch Regions 4 Pre-discovered Areas 2 | . . . 1 1 . . . . . . Known Exits Taken 2 | . . . . . . 1 . . 1 . Unknown Exits Taken 7 | 1 1 1 1 1 1 . . 1 . . Scrap Searched 3 | . . 1 . 2 . . . . . . Spaces Dug 6 | . . 6 . . . . . . . . Terrain Destroyed 449 | . 12 214 . 35 104 2 82 . . . Melee . | . . . . . . . . . . . Projectile 5 | . . . . . . 2 3 . . . AOE 444 | . 12 214 . 35 104 . 79 . . . Terrain Rammed 2 | . . . . . . . 1 . . 1 Walls Destroyed 1 | . . . . . . . . . . 1 Machines Disabled . | . . . . . . . . . . . Actions | -11 -10 -10 -10 -9 -8 -7 -7 -7 -7 -7 --------- Run | Yrd Mat Min Exi Min Mat Fac Gar Fac Sto Gar Total 4926 | . 441 814 396 136 415 292 1536 220 449 227 Wait 557 | . 3 164 142 1 26 68 99 4 27 23 Move 3614 | . 372 603 241 127 330 186 1117 191 293 154 Hop 4 | . . . . 2 1 . 1 . . . Pick Up 75 | . 12 4 5 . 3 3 15 7 21 5 Fast Attach 55 | . 6 1 . 2 6 9 18 2 7 4 Attach 36 | . 1 . 2 . 7 3 13 1 3 6 Detach 47 | . . . . 1 7 3 16 2 11 7 Swap 46 | . 3 5 . . 1 5 7 5 17 3 Drop 55 | . 12 5 6 1 3 8 12 2 6 . Fire 267 | . 32 31 . 2 31 7 117 4 40 3 Melee 27 | . . . . . . . 1 2 6 18 Ram 4 | . . 1 . . . . 1 . . 2 Kick . | . . . . . . . . . . . Crush . | . . . . . . . . . . . Escape Stasis 134 | . . . . . . . 114 . 18 2 Rewire 5 | . . . . . . . 5 . . . Trap . | . . . . . . . . . . . Miscellaneous . | . . . . . . . . . . . Route ------- -11/Scrapyard -10/Materials (discovered 2 exits: [*Mat] / [*Min]) -10/Mines (discovered 3 exits: [*Mat x2] / *Exi) -10/Exiles (discovered 2 exits: [*Min x2]) -9/Mines -8/Materials -7/Factory -7/Garrison (discovered 3 exits: *Fac x3) -7/Factory (discovered 5 exits: Fac x4 / *Sto) -7/Storage -7/Garrison (discovered 1 exit: *Fac) History --------- Turn | Location | Event 1 | -11/Scrapyard | Discovered new exit (range 0) 1 | -11/Scrapyard | Entered Materials 282 | -10/Materials | Discovered new exit (range 12) 314 | -10/Materials | Build established: Mutant 353 | -10/Materials | Discovered new exit (range 16) 374 | -10/Materials | Central database locked down 445 | -10/Materials | Entered Mines 479 | -10/Mines | Discovered new exit (range 13) 520 | -10/Mines | A weapon hastily lodged in a ceiling crevice suddenly fell to the ground 633 | -10/Mines | Joined a pair of Derelicts in attacking an 0b10 outpost 749 | -10/Mines | Core integrity fell below 50% 795 | -10/Mines | Discovered new exit (range 3) 836 | -10/Mines | Excavation squad dispatched 836 | -10/Mines | A large section of the Mines collapsed 1068 | -10/Mines | Assisted by bots powering up and referring to "LRC-V3" 1075 | -10/Mines | Lost 3 parts (1p2n) 1364 | -10/Mines | Deemed a non-threat by the Exiles lab entrance 1364 | -10/Mines | Discovered new exit (range 5) 1375 | -10/Mines | Entered Exiles 1375 | -10/Exiles | Accompanied by 1 ally 1407 | -10/Exiles | Discovered new exit (range 15) 1425 | -10/Exiles | Met 8R-AWN 1459 | -10/Exiles | Met EX-HEX 1515 | -10/Exiles | Met EX-BIN 1543 | -10/Exiles | Aligned with FarCom system 1545 | -10/Exiles | Given EX-Vault access code 1595 | -10/Exiles | Opened EX-Vault 1607 | -10/Exiles | Found AWS/Gauss 1613 | -10/Exiles | Found Superbattery 1623 | -10/Exiles | Found Lightpack 2.0 1653 | -10/Exiles | Warned to stay clear of 0b10 Research branches 1655 | -10/Exiles | Exiles lab attacked by MAIN.C 1693 | -10/Exiles | Learned location of Zion (-7) 1741 | -10/Exiles | Discovered new exit (range 14) 1898 | -10/Exiles | Stole three prototypes: Lightpack 2.0, Superbattery, AWS/Gauss 1898 | -10/Exiles | Entered Mines 1898 | -9/Mines | Accompanied by 1 ally 1927 | -9/Mines | Core integrity fell below 20% 1940 | -9/Mines | Met a Derelict bent on vengeance 2010 | -9/Mines | Discovered new exit (range 12) 2013 | -9/Mines | Entered Materials 2013 | -8/Materials | Evolved 4 slots: Propulsion x2, Utility x2 2118 | -8/Materials | Repaired Mni. Grenade Launcher 2245 | -8/Materials | Discovered new exit (range 10) 2275 | -8/Materials | Entered Factory 2275 | -7/Factory | Evolved 2 slots: Propulsion x1, Utility x1 2277 | -7/Factory | FarCom data flow suspended 2357 | -7/Factory | Repaired VTOL Module 2391 | -7/Factory | Repaired VTOL Module 2529 | -7/Factory | Identified exit to Garrison 2537 | -7/Factory | Entered Garrison 2581 | -7/Garrison | Triggered checkpoint 2636 | -7/Garrison | Garrison Relay disabled 2853 | -7/Garrison | Triggered checkpoint 2855 | -7/Garrison | Triggered checkpoint 2873 | -7/Garrison | Discovered new exit (range 8) 2888 | -7/Garrison | Rescued a captive Derelict 2888 | -7/Garrison | Rescued a captive Derelict 2961 | -7/Garrison | Triggered checkpoint 3000 | -7/Garrison | Garrison Relay disabled 3040 | -7/Garrison | Garrison Relay disabled 3095 | -7/Garrison | Build established: Hauler-Mutant 3221 | -7/Garrison | Discovered new exit (range 15) 3281 | -7/Garrison | Triggered checkpoint 3325 | -7/Garrison | Garrison Relay disabled 3413 | -7/Garrison | Triggered checkpoint 3519 | -7/Garrison | Triggered checkpoint 3601 | -7/Garrison | Garrison Relay disabled 3629 | -7/Garrison | Discovered new exit (range 10) 3713 | -7/Garrison | Triggered checkpoint 3758 | -7/Garrison | Lost 4 parts (1p2n1w) 3867 | -7/Garrison | Phase Generator disabled 4241 | -7/Garrison | Found embedded Infiltrators 4306 | -7/Garrison | Entered Factory 4306 | -7/Factory | Accompanied by 2 allies 4422 | -7/Factory | Discovered new exit (range 8) 4538 | -7/Factory | Identified exit to Factory 4574 | -7/Factory | Entered Storage 4574 | -7/Storage | Accompanied by 2 allies 4969 | -7/Storage | Identified exit to Garrison 4974 | -7/Storage | First assault squad dispatched 4980 | -7/Storage | Entered Garrison 5011 | -7/Garrison | Garrison Relay disabled 5030 | -7/Garrison | Triggered checkpoint 5041 | -7/Garrison | Triggered checkpoint 5041 | -7/Garrison | Triggered checkpoint 5043 | -7/Garrison | Core integrity fell below 50% 5088 | -7/Garrison | Discovered exit to Factory (range 8) 5090 | -7/Garrison | Attempted to access garrison exit controls, blocked by remote lockdown 5098 | -7/Garrison | Triggered checkpoint 5103 | -7/Garrison | Garrison Relay disabled 5125 | -7/Garrison | Core integrity fell below 20% 5131 | -7/Garrison | Destroyed by Y-54 Guardian with Gatling Laser Last Messages --------------- 05103_ Relay Coupler [Duelist] tumbles out of relay unit. 05103_ Relay Coupler [NC] tumbles out of relay unit. 05105_ System corrupted: Heat flow error (+230). 05105_ Surge Thruster destroyed. 05105_ Lgt. Nuclear Core destroyed. 05111_ D-53 Grenadier knocked back. 05114_ G-47 Trooper destroyed. 05118_ Imp. Flight Unit destroyed. 05120_ Imp. Cesium-ion Thruster destroyed. 05122_ System corrupted: Matter fused (-6). 05122_ D-53 Grenadier knocked back. 05124_ The unstable cave ceiling collapses. 05124_ Y-54 Guardian destroyed. 05125_ D-53 Grenadier suffers critical hit (Smash). 05127_ Destroyed Cmb. Airjet. 05127_ D-53 Grenadier system corrupted by crushing effect. 05127_ D-53 Grenadier knocked back. 05128_ D-53 Grenadier system terminally corrupted. 05128_ Lightpack 2.0 destroyed. 05131_ Slammed into Y-54 Guardian. Map ----- +----------------------------------------------------+ | ?????????????????????# "??????????? | | ?????????????????????# "??????????? | | ?????????????????????### ## ## #??????????? | | ?????????????########### ## ## #??????????? | | ?????????????# = #??????????? | | ?????????????# /%= #??????????? | | ?????????????# ######## #??????????? | | ?????????????# #??????## ### ## #??????????? | | ?????????????# #???????# #?? #????#??????????? | | ?????????????# #???????# #???####???????????????? | | ?????????????# !######### #??????????????????????? | | ?????????????# %" #??????????????????????? | | ?????????????# ###########??????????????????????? | | ?????????????# #????????????????????????????????? | | ?????????????# #????????????????????????????????? | | ?????????????# #????????????????????????????????? | | ????########## #????????????????????????????????? | | ????# #????????????????????????????????? | | ????# #????????????????????????????????? | | ????# < ##### ###????????????????????????????????? | | ????# #???# #??????????????????????????????????? | | ????#####???# #??#??##########???????????????????? | | ????????????# #??# ## #!=[!/#???????????????????? | | ??????# ### ##### ]##]*!##???????????????????? | | ??????# g /|g%!!!#???????????????????? | | ??????# ######### #*Y@!=!#???????????????????? | | ??????????????????# #!=/![ #???????????????????? | | ??????????????????##### ]| ##???????????????????? | | ??????????????????????#######????????????????????? | | ?????????????????????????????????????????????????? | | ?????????????????????????????????????????????????? | | ?????????????????????????????????????????????????? | | ?????????????????????????????????????????????????? | | ?????????????????????????????????????????????????? | | ?????????????????????????????????????????????????? | | ?????????????????????????????????????????????????? | | ?????????????????????????????????????????????????? | | ?????????????????????????????????????????????????? | | ?????????????????????????????????????????????????? | | ?????????????????????????????????????????????????? | | ?????????????????????????????????????????????????? | | ?????????????????????????????????????????????????? | | ?????????????????????????????????????????????????? | | ?????????????????????????????????????????????????? | | ?????????????????????????????????????????????????? | | ?????????????????????????????????????????????????? | | ?????????????????????????????????????????????????? | | ?????????????????????????????????????????????????? | | ?????????????????????????????????????????????????? | | ?????????????????????????????????????????????????? | +----------------------------------------------------+ Best States ------------- Heat Dissipation 48 Energy Generation 18 Energy Capacity 1790 Matter Stores 300 Matter Capacity 300 Sight Range 16 Terrain Scan Density 210 Jamming Range 12 Additional Mass Support 6 Weapon Shielding 66 Evasion (%) 65 Targeting Accuracy 8 Target Analysis 5 Core Analysis 6 Recoil Reduction 2 Salvage Targeting 2 Item Schematics ----------------- None Robot Schematics ------------------ None Fabricated ------------ Nothing Alien Tech Used ----------------- None Achievements -------------- None Challenges ------------ None Game ------ Seed SubatomicUtilityNanovents Manual? 0 Play Time 00:42:35 Cumulative 927.8 hours Start 2024.09.08 @ 17:00:25 End 2024.09.08 @ 17:44:19 Sessions 1 Manual Loads 0 Difficulty Rogue Special Mode None Game No. 1125 Rogue 845 Adventurer 124 Explorer 156 Win Type - Total 39 Types 28/0/8/1/1/0/0/1/0 Lore% 81 Gallery% 90 Achievement% 78 Wizard Run 0 Options --------- Layout 0 ASCII 0 Keyboard 1 Movement Numpad Keybinds 0 Fullscreen 2 Font 18/X11 Map View 76x50 Zoom Use 1% Tactical HUD 1 Map Filters NONE Filters NONE Steam 1 RUN: 8f37c57a-b544-4d43-8074-a75fc801530b